 Dungeon Crawl Stone Soup version 0.29.1-2-gbd0b4ee654 (webtiles) character file.

Game seed: 17159898605566217960

53 fantasyman the Trooper (level 3, -2/40 HPs)
             Began as an Ogre Fighter on Nov 16, 2022.
             Succumbed to Terence's poison
             ... on level 2 of the Dungeon.
             The game lasted 00:01:56 (1941 turns).

fantasyman the Trooper (Ogre Fighter)               Turns: 1941, Time: 00:01:57

Health: -2/40      AC:  4    Str: 22    XL:     3   Next: 87%
Magic:  3/3        EV:  8    Int:  9    God:
Gold:   93         SH:  7    Dex:  8    Spells: 2/2 levels left

rFire   . . .      SeeInvis .   j - +0 mace
rCold   . . .      Faith    .   c - +0 kite shield
rNeg    . . .      Spirit   .   b - +0 robe
rPois   .          Reflect  .   (helmet restricted)
rElec   .          Harm     .   k - +0 cloak
rCorr   .          Rampage  .   (gloves unavailable)
Will    .....                   (boots unavailable)
Stlth   +.........              (no amulet)
HPRegen 0.13/turn               (no ring)
MPRegen 0.08/turn               (no ring)

@: mighty, lethally poisoned (-2 -> -27)
A: large, unfitting armour, tough skin 1
a: no special abilities


You were on level 2 of the Dungeon.
You visited 1 branch of the dungeon, and saw 2 of its levels.

You collected 93 gold pieces.

Inventory:

Hand Weapons
 a - a +0 flail
 j - a +0 mace (weapon)
Armour
 b - a +0 robe (worn)
 c - a +0 kite shield (worn)
 k - a +0 cloak (worn)
Jewellery
 g - a ring of wizardry
Wands
 l - a wand of paralysis (14)
Scrolls
 f - 7 scrolls of identify {unknown}
 h - a scroll of magic mapping {unknown}
 i - a scroll of fog {unknown}
Potions
 e - 2 potions of resistance {unknown}


   Skills:
 + Level 4.7 Fighting
 * Level 3.0 Maces & Flails
 - Level 2.7 Dodging
 + Level 0.4 Stealth
 - Level 3.0 Shields


You had 2 spell levels left.
You didn't know any spells.
Your spell library contained the following spells:

 Spells                   Type           Power      Damage    Failure   Level
 Poisonous Vapours        Pois/Air       0%         N/A       82%         2
 Corpse Rot               Necr/Pois/Air  0%         N/A       100%        4


Dungeon Overview and Level Annotations

Branches:
Dungeon (2/15)

Altars:


Innate Abilities, Weirdness & Mutations

You are too large for most types of armour.
You have tough skin. (AC +1)


Message History

Terence is nearby!
Found a glowing plate armour.
You block Terence's attack.
You hit Terence.
Terence is lightly wounded.
Terence barely misses you.
You hit Terence but do no damage.
Terence is lightly wounded.
Terence hits you with a +0 short sword of venom.
You are poisoned.
You hit Terence but do no damage.
Terence is lightly wounded.
You feel very sick.
Terence hits you with a +0 short sword of venom.
You are more poisoned.
You block Terence's attack.
You hit Terence.
Terence is moderately wounded.
You feel very sick. Terence closely misses you.
You barely miss Terence.
Terence is moderately wounded.
You feel very sick. You block Terence's attack.
You are too injured to fight recklessly!
You feel very mighty all of a sudden.
You feel sick.
Terence hits you with a +0 short sword of venom.
You are lethally poisoned!
You sock Terence!
Terence is almost dead.
* * * LOW HITPOINT WARNING * * *
You feel very sick.
Terence hits you with a +0 short sword of venom.
* * * LOW HITPOINT WARNING * * *
Terence hits you with a +0 short sword of venom.
* * * LOW HITPOINT WARNING * * *
You are more poisoned.
You hit Terence.
You kill Terence!
You die...

.....# #.# #.#
#.###.##.....
.....# #.#####.#
#.....##.####
#.####
#.......##
#####.##.#### #.
##.......#
#.......# ..
#.......#
####.##.. .
#.####..######
#.####
.......>......#
#.....
..#...##..####.#
###### # #.#
#@.# #....)..#
#[.....##
###.#### #. . .
#.


There were no monsters in sight!

Vanquished Creatures
  Terence (D:2)
  An adder (D:2)
  5 endoplasms
  2 giant cockroaches (D:1)
  5 goblins
  4 hobgoblins
  4 jackals (D:1)
  A kobold (D:1)
  A quokka (D:2)
  4 ball pythons (D:1)
  5 bats
  2 frilled lizards (D:2)
  3 rats
38 creatures vanquished.

Notes
Turn   | Place    | Note
-------+----------+-------------------------------------------
     0 | D:1      | fantasyman the Ogre Fighter began the quest for the Orb.
     0 | D:1      | Reached XP level 1. HP: 24/24 MP: 1/1
   367 | D:1      | Reached XP level 2. HP: 32/32 MP: 2/2
   945 | D:1      | Reached XP level 3. HP: 35/40 MP: 3/3
  1931 | D:2      | Noticed Terence
  1941 | D:2      | Killed Terence
  1941 | D:2      | Succumbed to Terence's poison

Illustrated notes

Levels and vault maps discovered:
D:1:      matt_arrival_los_fun, layout_basic
D:2:      layout_loops_cross, minmay_hedge_maze, uniq_terence

Skill      XL: |  1  2  3 |
---------------+----------+-----
Maces & Flails | 2 3 |  3.0
Fighting       | |  4.7
Dodging        | |  2.7
Stealth        | |  0.4
Shields        | |  3.0

Action                   || total
-------------------------++-------
Melee: Flail             ||    66
       Mace              ||    27
  Use: Potion            ||     1
 Stab: Sleeping          ||     1
Armor: Robe              ||    28
Dodge: Dodged            ||    29
Block: Kite shield       ||    32
